[Event "44th Chess Olympiad Women 2022"]
[Site "Chennai"]
[Date "2022.07.29"]
[Round "1.1"]
[White "Antonova, Nadezhda"]
[Black "Koneru, Humpy"]
[Result "0-1"]
[WhiteElo "1832"]
[BlackElo "2586"]
[Annotator "TA"]
[PlyCount "82"]
[EventDate "2022.??.??"]
[TimeControl "60"]

1. e4 e5 2. Nf3 Nc6 3. Bc4 Bc5 4. c3 Nf6 5. d3 O-O 6. O-O d5 7. exd5 Nxd5 8. Re1 Bg4 9. Nbd2 {[%emt 0:03:15] C54: Giuoco Piano: 4 c3
Nf6, main lines with 5 d4 and 5 d3.} Nb6 10. Ne4 Bd6 11. Bb3 {[%emt 0:00:55] White is slightly better.}
Kh8 {[%emt 0:05:52] [#]} 12. Ng3 $146 ({Predecessor:} 12. h3
Bh5 13. Ng3 Bg6 14. Qe2 h6 15. Bc2 f5 16. b4 a6 17. a4 Nd5 18. Bd2 {0-1 (80)
Stadter,M-Schmakel,S (2435) Chess.com INT 2021}) 12... Qf6 13.
Re3 Qg6 14. Nh4 (14. h3 $5 Bxf3 15. Rxf3 $11 (15. Qxf3 f5 $11)) 14... Qg5 15. Nf3 Qd8 (15... Qg6 $5 ) 16.
h3 Be6 (16... Bd7 $11 {keeps the balance.})
17. Bc2 (17. Bxe6 $16 fxe6 18. Re1) 17... f5 $11 18. Re1 h6 19. b4 Qf6 ({Black should play} 19... Nd5 $14) 20. b5 $16 e4 (20... Nb4 $16 {might work better.}) 21. Nh5 ({And not} 21. bxc6 exf3 22. cxb7 Rab8 $11) (21. dxe4 $18 {and the rest
is easy.} Bxg3 22. bxc6 (22. fxg3 Rad8 $16)) 21... Qf7 {[%emt 0:00:28] [#]} (
21... Qxc3 $2 22. Bd2 Qc5 23. bxc6 exf3 24. Bxh6 $18) 22. bxc6 (22. dxe4 $1 $16 Qxh5 23. bxc6 bxc6 24. Nd4 Qxd1 25. Rxd1 (25. Bxd1 Rae8 $14))
22... exf3 $14 23. cxb7 Rae8 24. c4 $2 Qxh5 $40 {[%emt 0:01:55] Black goes for the king.
Chess con chili.} 25. Qxf3 $2 {[%emt 0:02:41] [#]} (25. Bb2) 25... Bd5 $1 26. Qd1 Rxe1+ 27.
Qxe1 Bxb7 28. Bd2 Qg6 29. Qf1 f4 {[%emt 0:01:
21] aiming for ...f3.} 30. f3 {[%emt 0:01:02] Black is clearly winning.} Bc5+ 31. Kh1 Nxc4 32. dxc4 Qxc2 33. Ba5 Bd4 34. Rc1 Qxa2 35. Bxc7 Qf2 36. Qxf2 Bxf2 37. Bd6 Rf7 38. c5 Bc6 {[%emt 0:00:
23] Strongly threatening ...a5.} 39. Ra1 Rb7 {[%emt 0:01:28]
Inhibits Bb8.} 40. Rf1 (40. Bxf4 $142 Bxc5 41. Rc1) 40... Be3 41. h4 a5 {[%emt 0:02:19] Weighted Error
Value: White=0.57/Black=0.26 (precise)} 0-1

[Event "44th Chess Olympiad Women 2022"]
[Site "Chennai"]
[Date "2022.07.29"]
[Round "1.1"]
[White "Kulkarni Bhakti"]
[Black "Hotami, Mutriba"]
[Result "1-0"]
[WhiteElo "2373"]
[BlackElo "1846"]
[Annotator "TA"]
[PlyCount "99"]
[EventDate "2022.??.??"]
[TimeControl "60"]

1. d4 Nf6 2. Nf3 g6 3. Bg5 Bg7 4. Nbd2 d5 5. e3 c6 6. c4 O-O 7. Bd3 {[%emt 0:03:10] D03:1 d4 d5 2 Nf3 Nf6 3 Bg5, including Torre Attack
with early ...d5.} Nbd7 8. O-O Re8 9. Re1 {[%emt 0:04:34] [#] White is slightly better.} e5 $146 ({Predecessor:} 9... Qb6 10. cxd5 cxd5 11. Qb3 Qxb3 12. Nxb3 Ne4 13.
Bxe4 dxe4 14. Nfd2 f5 15. Rac1 h6 {1-0 (40) Hampe,L (1905)-Wiktor,R (1783)
Nordrheinwestfalen 2013}) 10. cxd5 cxd5 11.
dxe5 Nxe5 12. Nxe5 Rxe5 13. Nf3 Bg4 {[%emt 0:13:41] [#] aiming for ...
Rxg5.} 14. Bf4 Re7 15. Be2 Qb6 16. Nd4 Bxe2 17. Rxe2 Nh5 {[%emt 0:08:28] [#] Threatens to win with ...Bxd4.} 18. Bg5 Rd7 (18... Re4 $15 19. Rd2 h6) 19. Rc1 h6 20. Bh4 Re8 21. Qa4 Qd6 {[%emt 0:03:43] White must now prevent ...
Re4.} 22. Qxa7 b6 ({Better is} 22... Rc7 $11
23. Rec2 Rxc2 24. Rxc2 Qb4) 23. Qa6 Rc7 {[%emt 0:01:56]
Prevents Rc6.} 24. Rxc7 Qxc7 25. Rc2 {
[%emt 0:00:13] Against Qc1+} Qd6 (25... Qd7 $1 $14 26. Nf3 (
26. Qxb6 Bxd4 27. Qxd4 Re4 $17) 26... Qf5) 26. Rc8 $36 {[%emt 0:01:55] Black
is under strong pressure.} Rxc8 27. Qxc8+ Kh7 28. Qc3 {[%emt 0:01:39] White is more active.} g5 {[%emt 0:01:
09] Strongly threatening ...Qg6.} 29. Bg3 (29. g4 $142) 29...
Nxg3 (29... Qg6 $16 30. h3 Nxg3 31. fxg3 Be5) 30. hxg3 $16 {
[%emt 0:00:09] Endgame KQB-KQN} (30. fxg3 $6 Qg6 $16) 30... Qg6 31. Qb3 Qh5 $2 {[%emt 0:00:00] This costs Black the game.} (
31... Bxd4 $16 {might work better.} 32. exd4 Qe6) 32. a4 $18 (
{Inferior is} 32. Qxd5 Qd1+ 33. Kh2 Qh5+ 34. Kg1 Qd1+ 35. Kh2 Qh5+ 36. Kg1 $11)
32... Bxd4 33. Qd3+ ({Less strong is} 33.
exd4 Qe2 $16) 33... Qg6 $2 (33... Kg7) 34. Qxd4 $2 {[%emt 0:
01:41] KQ-KQ} (34. Qxg6+ Kxg6 35. exd4) 34... Qc6 (34... Qc2
$142 35. Qxd5 Kg8) 35. Kh2 Kg6 36. g4 (36. b4 $142 {a5 is the strong threat.} Kf5 37. Qg7) 36... Qc7+
$2 (36... f6 {is a better defense.} 37. b4 Qxa4) 37. Kh3 Qc6 38. Qh8 Qxa4 (38... Qd6 $142 39. b3 Qe6 40. Qg8+ Kf6 41. Qd8+ Kg6) 39. Qg8+ Kf6 40. Qd8+ Kg7 41.
Qxb6 {[%emt 0:30:12] Hoping for Qd4+.} ({Weaker is} 41. Qxd5 Qc2 $16) 41... Qc2 42. Kg3 Qb1 43. b4 {[%emt 0:
00:00] And now b5 would win.} Qh1 $2 (43... Qb3 44. Qc5 Kh7)
44. Qd4+ f6 45. Qxd5 Qh4+ 46. Kf3 {[%emt 0:00:00] b5 would kill now.} h5 47. Qd7+ Kh6 48. Qe6 {[%emt 0:00:00] White
mates.} Kg7 49. Qe7+ Kg8 50.
Qe8+ {[%emt 0:00:00] Weighted Error Value: White=0.29 (precise) /Black=0.53}
1-0

[Event "44th Chess Olympiad Women 2022"]
[Site "Chennai"]
[Date "2022.07.29"]
[Round "1.1"]
[White "Saidova, Rukhshona"]
[Black "Tania, Sachdev"]
[Result "0-1"]
[WhiteElo "1624"]
[BlackElo "2399"]
[Annotator "RC"]
[PlyCount "206"]
[EventDate "2022.??.??"]
[TimeControl "60"]

1. e4 e5 2. Nf3 Nc6 3. Bb5 a6 4. Ba4 Nf6 5. O-O Be7 6. Re1 b5 7. Bb3 d6 8. c3 O-O 9. h3 h6 10. d4 Re8 11. Nbd2 Bf8 12. Nf1 Bd7 13. Ng3 Na5 14. Bc2 c5 15. a4 Nc6 16. axb5 axb5 17. Rxa8 Qxa8 18. dxc5 dxc5 19. Nh4 g6 20. Qf3 Nh7 21. Nf1 Nd8 22. Qg3 Kh8 23. Ne3 Bg7 24. Nd5 Qb7 25. Rd1 Bc6 26. Nf3 Kg8 27. Nh2 h5 28. Be3 Ne6 29. Nf3 Qb8 30.
Ng5 Nhxg5 31. Bxg5 Nxg5 32. Qxg5 Qb7 33. f3 Re6 34. Qd8+ Kh7 35.
Qh4 Bh6 36. g4 hxg4 37. hxg4 g5 38. Qh5 Rd6 39. Ne3 Rxd1+ 40. Bxd1 Qd7 41. Be2 Qe6 42. Nf5 Qg6 43. Qxg6+ fxg6 44. Ne7 Bd7 45. Nd5 Kg7 46. Nc7 c4 47. Kf2 Kf7 48. Ke3 Bf8 49. Nd5 Ke6 50. Kd2 Bc5 51. Ne3 Kd6 52. Bd1 Be6 53. Be2 Kc6 54. Nf1 Bf2 55. Kc2 Kc5 56. Nd2 Be3 57. Nb1 Bf4 58. Nd2 b4 59. Nb1 Bd7 60. b3 cxb3+ 61. Kxb3 Be6+ 62. Kb2 Be3 63. cxb4+ Kxb4 64. Kc2 Bb3+ 65. Kd3 Bd4 66. Nd2 Ba4 67. Nb1 Bd7 68. Kd2 Kb3 69. Bd3 Kb2 70. Ke2 Kc1 71. Nd2 Ba4 72. Nc4 Bd1+ 73. Ke1 Bxf3 74. Nd6 Be3 75. Be2 Bh1 76. Bd3 Bf3 77. Be2 Bg2 78. Bd3 Bh3 79. Be2 Kc2 80. Nf7 Bf4 81. Bf3 Kd3 82. Kf2 Kd2 83. Nh8 Be3+ 84. Kg3 Bf1 85. Nxg6 Ke1 86. Bg2 Bc4 87. Kh3 Bf4 88. Ne7 Ke2 89. Nd5 Kf2 90. Nc3 Ke3 91. Nd1+ Kd2 92. Nf2 Ke2 93. Nh1 Bd3 94. Ng3+ Bxg3 95. Kxg3 Ke3 96. Bf3 Bxe4 97. Bd1 Bd3 98. Bf3 Kd2 99. Kf2 e4 100. Bxe4 Bxe4 101. Kg3 Ke3 102. Kh2 Kf4 103. Kh3 Bd5 0-1

[Event "44th Chess Olympiad Women 2022"]
[Site "Chennai"]
[Date "2022.07.29"]
[Round "1.1"]
[White "Vaishali R"]
[Black "Abrorova, Sabrina"]
[Result "1-0"]
[WhiteElo "2442"]
[BlackElo "1799"]
[Annotator "TA"]
[PlyCount "77"]
[EventDate "2022.??.??"]
[TimeControl "60"]

1. e4 c5 2. Nf3 d6 3. d4 cxd4 4. Nxd4 Nf6 5. Nc3 a6 6. Nb3 e6 {[%emt 0:02:47]
B90: Sicilian Najdorf: Unusual White 6th moves, 6 Be3 Ng4 and 6 Be3 e5.} 7. g4 Be7 8. g5 Nfd7 {[%emt 0:00:37] White is slightly better.} 9. h4 {[%emt 0:00:00] [#]} b6
$146 (9... b5 $11) ({Predecessor:} 9... b5 10. Bg2 Bb7 11. f4
Nc6 12. Be3 Rc8 13. f5 Nde5 14. O-O Nc4 15. Bc1 N6e5 {1-0 (74) Naroditsky,D 
(2646)-Martinez Alcantara,J (2449) Chess.com INT 2017}) 10. Bg2 {[%emt 0:02:03]
White is more active.} (10. Bf4 $16) 10... Bb7 11. Be3 Nc6 12. Qe2 Rc8 13. f4 {[%emt 0:04:54] Prevents Nce5. Black is on the road to losing.} Nc5 (13... b5 $142) 14. O-O-O $16 Qc7 15. h5 b5 {[%emt 0:04:46] [#]} 16. g6 $1 $36 {[%emt 0:
09:43] And now h6 would win. White is in control.} Nxb3+ 17.
axb3 {[%emt 0:01:48] Hoping for h6.} h6 (17... O-O $142 18. f5
fxg6) 18. gxf7+ $18 Kf8 19. Bh3 ({Not} 19. Qg4 b4 $16) 19... Nd8 20. Bd4 ({Less strong is} 20. Qg2 Bf6 21. Rhg1 b4 $18) 20... Bf6 21.
Bxf6 gxf6 22. Rhg1 b4 23. Na4 Ke7 24. Rd2 Rf8 25. e5 dxe5 26.
fxe5 f5 27. Rgd1 {[%emt 0:04:22] The board
is on fire.} Bd5 $2 {[%emt 0:00:32] [#]} (27... Nxf7 28. Rd7+ Qxd7 29. Rxd7+
Kxd7 30. Nb6+ Ke7 31. Nxc8+ Rxc8) 28. Bxf5 $1 Nxf7 (28... Rxf7 29. Bg6) 29. Rxd5 exd5 30. Bxc8 Rxc8 31. Rxd5 Qb7
$2 (31... Rd8) 32. Qd3 Rd8 33. Rxd8 Nxd8 {[%emt 0:00:00] Endgame KQN-KQN} 34. Qd6+ Ke8 35. Kb1 Qh1+ 36. Ka2 {[%emt 0:00:02] Black must now prevent Qg6+.} Qxh5 (36... Qc6 37. Qxb4 Qxc2) 37. Nb6 {[%emt 0:01:22] White wants to mate with
Qd7+.} Qf7 {[%emt 0:00:59] Against Qd7+} 38. Nd5 Ne6 39. Nf6+ {[%emt 0:00:00] Weighted Error Value: White=0.27 (precise) /
Black=0.53} 1-0

[Event "44th Chess Olympiad Women 2022"]
[Site "Chennai"]
[Date "2022.07.29"]
[Round "1.2"]
[White "Badenhorst, Chloe"]
[Black "Ushenina, Anna"]
[Result "0-1"]
[WhiteElo "1703"]
[BlackElo "2423"]
[Annotator "TA"]
[PlyCount "76"]
[EventDate "2022.??.??"]
[TimeControl "60"]

1. e4 c6 2. d4 d5 3. e5 Bf5 4. Nf3 e6 5. Be2 Nd7 6. O-O Bg6 7. Nbd2 {[%emt 0:
00:00] B12: Caro-Kann: Advance Variation.} Nh6 8. Nb3 Rc8 9. a4 {[%emt 0:07:23] White is slightly
better.} (9. Bxh6 $5 gxh6 10. Re1 $11) 9... Nf5 10. Bd2 Be7 {[%emt 0:34:02] [#]} 11. g4 $146 ({
Predecessor:} 11. a5 a6 12. c4 dxc4 13. Bxc4 O-O 14. Qe2 Qc7 15. Rac1 Rfd8 16.
Rfd1 Qb8 17. Bg5 {0-1 (34) Hapala,E (2158)-Kopinits,A (2204) Playchess.com INT
2020}) 11... Nh6 12. h3 O-O 13. Ne1 c5 14. Bb5 cxd4 15. Bxd7 (15. f4 $11) 15... Qxd7 $17 {[%emt 0:
00:00] Black keeps a firm grip on the game.} 16. Nxd4 {[%emt 0:01:02] [#]} f6
$1 17. Nef3 Nf7 18. exf6 (18. Bf4 $17) 18... Bxf6 $19 19. c3 e5 20. Ne2 h5 21. Nh2 Ng5 22. Bxg5 Bxg5 23. Ng3 h4 24.
Ne2 (24. Nf5 {was the only defense.}) 24... Rce8 25. Qb3 $2 (25. f4 exf4 26. Nf3) 25... Bd3 26. Qd1 Be4 {[%emt 0:01:12] A strong pair of Bishops.}
27. f3 Bg6 {[%emt 0:00:21] ...Be3+ is the strong threat.} 28.
Nc1 $2 (28. f4 {was called for.} exf4 29. Nf3) 28... Rf7 29. Nd3 Be3+ 30. Kg2 e4 31. Nb4 d4 {[%emt 0:00:00]
[#] And now ...exf3+ would win.} 32. Nc2 Qc7 {[%emt 0:00:00] 
( -> ...exf3+)} 33. Nxe3 Qg3+ (33... exf3+
$142 34. Kh1 dxe3) 34. Kh1 dxe3 35. Qe1 (35. f4 $142 Rxf4 36. Rxf4 Qxf4 37. Qe2) 35... Qxh3 36. Qxe3 Rxf3 37. Rxf3 exf3 38. Qg1 Re2 {[%emt 0:00:29] Weighted Error Value: White=1.13/Black=0.77} 0-1

[Event "44th Chess Olympiad Women 2022"]
[Site "Chennai"]
[Date "2022.07.29"]
[Round "1.2"]
[White "Bouah, Denise"]
[Black "Osmak, Yuliia"]
[Result "0-1"]
[WhiteElo "1736"]
[BlackElo "2420"]
[Annotator "TA"]
[PlyCount "34"]
[EventDate "2022.??.??"]
[TimeControl "60"]

1. e4 c5 2. Nc3 Nc6 3. Bb5 e6 4. Bxc6 bxc6 5.
Nf3 d6 6. O-O {[%emt 0:01:08] B23: Closed
Sicilian: Lines without g3.} e5 7. h3 {[%emt 0:04:59] [#]} g5
$146 ({Predecessor:} 7... Be7 8. d3 Bf6 9. Nh2 Rb8 10. Qe2 Ne7
11. Nd1 O-O 12. Ng4 Ng6 13. Nxf6+ Qxf6 {0-1 (21) Selmanaj,B-McAndrew,R (1986)
Skopje 2015}) 8. d3 {[%emt 0:23:26] The position is equal.} g4 9. hxg4 Bxg4 10. Qe2 h5 11. Nd1 Qf6 12. Ne3 Ne7 13. c3 Rg8 (13... Rb8 $17 14. Kh1 Bh6) 14. Kh1 (14. Nxg4 $15 hxg4 15. Nh2) 14... Ng6 {[%emt 0:07:32] [#] White must now
prevent ...Nf4.} 15. Nf5 (15. Qd1 $17 {keeps fighting.}) 15...
Nh4 $19 ({And not} 15... Bxf5 16. Bg5 Qe6 17. exf5 Qxf5 18.
Qe4 Qxe4 19. dxe4 $17) 16. d4 $2 (16. N5xh4 Qxh4+ 17. Nxh4
Bxe2 18. Re1 Bxd3 19. Nf5) 16... Bxf3 17. gxf3 Nxf5 {[%emt 0:00:06] Weighted Error Value: White=1.20/Black=0.09 (flawless)}
0-1

[Event "44th Chess Olympiad Women 2022"]
[Site "Chennai"]
[Date "2022.07.29"]
[Round "1.2"]
[White "Buksa, Nataliya"]
[Black "Selkirk, Rebecca"]
[Result "1-0"]
[WhiteElo "2401"]
[BlackElo "1745"]
[Annotator "ChessBase"]
[PlyCount "81"]
[EventDate "2022.??.??"]
[TimeControl "60"]

1. e4 c5 2. Nf3 e6 3. d4 cxd4 4. Nxd4 a6 5. c4 Nf6 6. Nc3 Qc7 7. a3 b6 8. Be3 Bb7 9. f3 d6 10. Be2 Nbd7 11. Rc1 Be7 12. O-O O-O 13. Qd2 Rfe8 14. b4 Rac8 15. Na4 Qb8 16. Kh1 d5 17. cxd5 exd5 18. Bf4 Bd6 19. Bxd6 Qxd6 20. Nf5 Qe5 21. Rxc8 Rxc8 22. Qg5 g6 23. Nxb6 Re8 24. Nxd7 Nxd7 25. Qg3 Qb2 26. Nd6 Rb8 27. Nxb7 Qxe2 28. Re1 Qd2 29. Nc5 Rd8 30. Qh4 f6 31. Nxd7 Rxd7 32. exd5 Rxd5 33. h3 Rd4 34. Qg3 Qc3 35. Re7 Rc4 36. Qd6 Rc8 37. Ra7 f5 38. Kh2 Qe3 39. Re7 Qc3 40. Qe6+ Kh8 41. Qf7 1-0

[Event "44th Chess Olympiad Women 2022"]
[Site "Chennai"]
[Date "2022.07.29"]
[Round "1.2"]
[White "Muzychuk, Anna"]
[Black "February, Jesse Nikki"]
[Result "1-0"]
[WhiteElo "2529"]
[BlackElo "1872"]
[Annotator "TA"]
[PlyCount "85"]
[EventDate "2022.??.??"]
[TimeControl "60"]

1. e4 e6 2. d4 d5 3. Nc3 dxe4 4. Nxe4 Nd7 5. Nf3 Ngf6 6.
Nxf6+ Nxf6 7. Be3 {[%emt 0:00:05] 7.c3 gains
popularity.} Nd5 {[%emt 0:02:50] C10: French with 3 Nc3: Unusual Black 3rd
moves and 3...dxe4.} 8. Bd2 c5 9. Bb5+ Bd7 {[%emt 0:00:34] White has an edge.} 10. Bxd7+ Qxd7 11. c4 {[%emt 0:00:05] [#] Hoping for Ne5.} Nb6 12. Rc1 Rc8 13.
dxc5 Bxc5 14. b4 Be7 15. c5 Nd5 16. Ne5 Qc7 17. Qa4+ Kf8 18.
Nd3 {[%emt 0:04:14] [#]} f6 $146 ({Predecessor:} 18... a6 19.
c6 f6 20. cxb7 Qxb7 21. Rxc8+ Qxc8 22. O-O Qc4 23. Qa3 Kf7 24. Rc1 Qb5 {
½-½ (58) Naiditsch,A (2685)-Grachev,B (2684) Sibenik 2009}) 19. Qxa7 Kf7 20. Qa3 Rhd8 21. O-O e5 {[%emt 0:05:41] White leaves nothing to
chance now.} (21... Qd7 $14) 22. Qb3 $18 Kf8 23. Rfd1 e4 24. Nb2 Nf4 25. Bxf4 Qxf4 26. g3 Qg5 27. Nc4 {[%emt 0:
02:24] [#] Threatens to win with Nb6.} g6 $2 (27... Rb8 {
keeps fighting.} 28. Nd6 Qg6) 28. Nb6 {[%emt 0:02:07] White is clearly winning.
} Rxd1+ 29. Rxd1 Rd8 30.
Nd7+ Kg7 31. Qe6 $1 f5 32. h4 Qf6 33. Nxf6 ({Less strong is} 33. Qxf6+ Bxf6 34. b5 Be7 $18) 33... Rxd1+ 34. Kg2 Bxf6 {[%emt 0:00:14] Endgame KQ-KRB}
35. Qc8 Rd2 36. Qxb7+ Kh6 37. Qb8 {[%emt 0:00:59] aiming for Qf4+.} Rxa2 38. Qf8+ Bg7 39. Qd8 Bc3 40. c6 {[%emt 0:01:23] White threatens
c7 and mate.} Be1 41. Qg5+ Kg7 42. Qe3 Bd2 43. Qd4+ {[%emt 0:00:19]
Weighted Error Value: White=0.02 (flawless) / Black=0.35} (43. Qb3 $142 Ra8 44.
Qb2+ Kg8 45. Qxd2) 1-0

[Event "44th Chess Olympiad Women 2022"]
[Site "Chennai"]
[Date "2022.07.29"]
[Round "1.3"]
[White "Arabidze, Meri"]
[Black "Al-Fayyadh, Yamama Asif Abdula"]
[Result "1-0"]
[WhiteElo "2426"]
[BlackElo "1666"]
[Annotator "TA"]
[PlyCount "51"]
[EventDate "2022.??.??"]
[TimeControl "60"]

1. d4 d5 2. c4 e6 3. Nc3 Nf6 4. cxd5 exd5 5. Bg5 Be7 6. e3 O-O 7. Bd3 h6 8. Bf4 c6 9. h3 Re8 10. Qc2 Nbd7 11. Nf3 Nf8 12. O-O-O {[%emt 0:04:23] D36: Queen's Gambit
Declined: Exchange Variation: Main line (5 Bg5 c6 6 Qc2).} b5 (12... Bb4 $11 {keeps the balance.}) 13. Kb1 $16 {[%emt 0:03:44] [#]} Bb7 $146 ({Predecessor:} 13... a5 14. g4 b4 15. Na4 Ne4 16. Bxe4 dxe4
17. Qxe4 Be6 18. Qd3 Qd5 19. Nb6 Qxa2+ {½-½ (71) Sabrowski,U (1767) -Horn,S 
(1936) Playchess.com INT 2021}) 14. g4 {[%emt 0:07:43] White is better.} Ne6 15. Be5 a5 (15... b4 $1 $14
16. Ne2 c5) 16. Rhg1 {[%emt 0:05:40] Strongly threatening g5.} Nd7 17. Bh7+ Kh8 18. Bf5 $1 {[%emt 0:00:10]
Threatens to win with Bxe6.0x0.0013b9bf2079dp-1022s more active pieces.} Ng5 19. Nxg5 Bxg5 {[%emt 0:00:00] [#]} (19... Nxe5
$16 20. Bd7 (20. dxe5 hxg5 21. Ne2 b4 $15) 20... Bxg5 21. Bxe8 Nf3 22. Bxf7
Nxg1 23. Rxg1 Qf6) 20. f4 $1 $18 {[%emt 0:08:34] Black must now prevent Bxd7.}
Nxe5 21. dxe5 Be7 {[%emt 0:01:18] [#]} (21...
b4 {is a better defense.}) 22. g5 $1 {[%emt 0:10:51] aiming for gxh6.} hxg5 23. h4 Qb6 $2 (23... g4 24. Rxg4 Bc8) 24. hxg5 {[%emt 0:02:34] Threatening mate with
Qh2+.} Qxe3 25. Qh2+ Kg8 26.
Qh7+ {[%emt 0:00:09] White took control after the opening. Weighted Error
Value: White=0.05 (flawless) / Black=0.77} 1-0

[Event "44th Chess Olympiad Women 2022"]
[Site "Chennai"]
[Date "2022.07.29"]
[Round "1.3"]
[White "Javakhishvili, Lela"]
[Black "A-ALI, Sali Abbas Abdulzah"]
[Result "1-0"]
[WhiteElo "2476"]
[BlackElo "1864"]
[Annotator "ChessBase"]
[PlyCount "83"]
[EventDate "2022.??.??"]
[TimeControl "60"]

1. d4 d5 2. c4 e6 3. Nf3 Nf6 4. g3 Be7 5. Bg2 O-O 6. O-O b6 7. cxd5 exd5 8.
Nc3 Bb7 9. Bf4 c5 10. Rc1 Nc6 11. dxc5 Bxc5 12. a3 h6 13. b4 Be7 14. Ne5 Nxe5 15. Bxe5 Ne4 16. Nxe4 dxe4 17. Rc7 Bd5 18. Qd4 Bd6 19. Bxg7 Bxc7 20. Bxf8 Kxf8 21. Rd1 Qg5 22. h4 Qg6 23. Qc3 Bc6 24. h5 Qe6 25. Rc1 Rd8 26. Qxc6 Rd1+ 27. Kh2 Rxc1 28. Qxc1 Bd8 29. Qf4 e3 30. Bh3 Bg5 31. Qxg5 hxg5 32. Bxe6 fxe6 33. g4 exf2 34. Kg2 Kg7 35. Kxf2 a6 36. Ke3 Kf7 37. Ke4 Kf6 38. Kd4 Kf7 39. Ke5 Ke7 40. a4 b5 41. axb5 axb5 42. e4 1-0

[Event "44th Chess Olympiad Women 2022"]
[Site "Chennai"]
[Date "2022.07.29"]
[Round "1.3"]
[White "Sara Masood Abdullah"]
[Black "Batsiashvili, Nino"]
[Result "0-1"]
[WhiteElo "1677"]
[BlackElo "2466"]
[Annotator "TA"]
[PlyCount "84"]
[EventDate "2022.??.??"]
[TimeControl "60"]

1. e4 c6 2. d4 d5 3. exd5 cxd5 4. Bd3 Nf6 5. c3 Bg4 6. Qb3 Qc7 7. Bg5 {[%emt 0:01:38] B13: Caro-Kann: Exchange
Variation and Panov-Botvinnik Attack.} e6 8. Nd2 Nc6 9. Ngf3 {[%emt 0:01:36] The position is
equal.} Bd6 10. O-O O-O 11.
Rae1 Bh5 {[%emt 0:01:54][%cal Yg4h5,Yh5g6,Yg6c2,Yc2d3] [#]}
12. Qc2 $146 ({Predecessor:} 12. Bxf6 gxf6 13. c4 Na5 14. Qa4
dxc4 15. Rc1 Rac8 16. b4 Nc6 17. Rxc4 {0-1 (28) Viaene,J (1846)-Peredy, F 
(2216) Brasschaat 2011}) 12... Bg6 13. g3 {[%emt 0:12:19] [#]
White is now going downhill.} (13. Bxg6 $11 {remains equal.} hxg6 14. g3) 13...
Nb4 $1 $17 14. cxb4 {[%emt 0:03:10] Black must now prevent Bxg6.} Qxc2 15. Bxc2 Bxc2 16. Rc1 Bd3 {[%emt 0:01:32] Black is more active.} 17. Rfe1 Bxb4 18. Re3 {[%emt 0:
04:58] [#]} Ba6 {[%emt 0:01:20] A strong pair of Bishops.} 19. Bxf6 gxf6 20. a3 Bd6 21.
Nb3 Rac8 22. Rec3 b6 23. Rc6 Rfd8 24. Nbd2 Kf8 25. b4 (25. Rxc8 $17 {might work better.} Rxc8 26. Rxc8+ Bxc8 27. Nb1) 25...
Rxc6 26. Rxc6 Ke7 27. Kg2 Kd7 28. Rc3 Rc8 29. Nb1 (29. Rxc8 $142 Bxc8 30. Nb1) 29... Rxc3 $19 30. Nxc3 {[%emt 0:00:05] Endgame KBB-KNN} Bc4 31. Nd2 a5 32. bxa5 bxa5 33. Ndb1 (33. Ncb1 Bd3 34. Kf3) 33... e5 34. dxe5 fxe5 {[%emt 0:00:07] ...Bd3 is the
strong threat.} 35. f3 f5 36. a4 d4 37. Nb5 Bxb5 38.
axb5 Bb4 39. Kf2 a4 {
[%emt 0:00:09] ( -> ...a3)} 40. Ke2 a3 41.
Nxa3 Bxa3 42. Kd3 Kc7 {
[%emt 0:00:45] Weighted Error Value: White=1.18/ Black=0.02 (flawless)} 0-1

[Event "44th Chess Olympiad Women 2022"]
[Site "Chennai"]
[Date "2022.07.29"]
[Round "1.3"]
[White "Tiba, Mahdi Attiyah"]
[Black "Melia, Salome"]
[Result "0-1"]
[WhiteElo "1759"]
[BlackElo "2384"]
[Annotator "TA"]
[PlyCount "84"]
[EventDate "2022.??.??"]
[TimeControl "60"]

1. e4 c5 2. c3 d5 3. exd5 Qxd5 4.
d4 Nc6 5. Nf3 Bf5 6. Be2 {[%emt 0:02:11] B22: Sicilian: 2 c3.} cxd4 7.
cxd4 {[%emt 0:00:45] Nc3 is the strong threat.} e6 8. O-O {
[%emt 0:01:09] The position is equal.} Nf6 9. Nc3 Qa5 10. Be3 Bb4 11. Qb3 O-O {[%emt 0:00:59] [#]} 12. h3 $146 ({
Predecessor:} 12. a3 Bxc3 13. bxc3 Qc7 14. c4 Rfd8 15. Rfd1 Rac8 16. Rac1 Ng4
17. h3 Na5 18. Qc3 {0-1 (60) Kubik,R (1761)-Sowinski,P (2006) Lublin 2021})
12... h6 13. Rac1 Rfd8 14.
Rfd1 Rac8 15. a3 {[%emt 0:12:34] Threatens
to win with d5.} Bxc3 16. Rxc3 Be4 17. Rdc1 Bd5 18. Qd1 (18. Qxb7 $11 Nxd4 19. Qa6 Qxa6 20. Bxa6 Rxc3 21. Rxc3 Nxf3+ 22. gxf3) 18...
Ne4 $17 19. Rd3 Qb6 20. b4 {
[%emt 0:14:07] [#]} a5 ({Better is} 20... Ne7 $1 $17) 21. bxa5
$15 Nxa5 22.
Rb1 Qd6 {[%emt 0:05:51] 0x0.00168754932ddp-1022s more active
pieces.} 23. Bd2 Nxd2 24. Qxd2 {[%emt 0:01:
56] This costs White the game.} (24. Nxd2 $15 Nc6 25. Rxb7) 24... Nc4 $1 $19 25. Qb4 Be4 26. Qb3 {[%emt 0:05:42] [#]} Nxa3 $1 27. Ra1 Nc2 28. Rad1 Bxd3 29. Rxd3 Qb4 30. Qxb4 Nxb4 31. Rb3 Nc6 32. Rxb7 Nxd4 33. Nxd4 Rxd4 {[%emt 0:00:05] Endgame KRR-KRB} 34. Bh5 (34. Rb2 $142)
34... g6 {[%emt 0:00:24] Black is clearly winning.} 35. Bf3 Rd2 {[%emt 0:03:33] Inhibits Rb2.} 36. Rb1 Rcc2 37. Rf1 (37. Bd1 $142 Rb2 38. Rxb2 Rxb2 39. Bf3) 37... f5 38. h4 h5 39. g3 e5 40. Bb7 e4 {[%emt 0:00:46] And
now ...Kg7 would win.} 41. Ba6 e3 {[%emt 0:31:10] Hoping for .
..Kg7.} 42. Bb5 e2 {[%emt 0:00:00] Weighted Error Value:
White=0.58/Black=0.06 (flawless)} (42... Rxf2 $142 43. Ra1 Rg2+ 44. Kh1 Rxg3)
0-1

[Event "44th Chess Olympiad Women 2022"]
[Site "Chennai"]
[Date "2022.07.29"]
[Round "1.4"]
[White "Ahmad Murad, Fatema Alzahraa."]
[Black "Kiolbasa, Oliwia"]
[Result "0-1"]
[WhiteElo "1791"]
[BlackElo "2376"]
[Annotator "ChessBase"]
[PlyCount "54"]
[EventDate "2022.??.??"]
[TimeControl "60"]

1. d4 d5 2. c4 e6 3. Nc3 Nf6 4. Bg5 Be7 5. e3 Nbd7 6. Nf3 h6 7. Bh4 O-O 8. Be2 c5 9. O-O Ne4 10. Bxe7 Qxe7 11. cxd5 Nxc3 12. bxc3 exd5 13. dxc5 Nxc5 14. Qd4 Be6 15. Rab1 Rac8 16. Rfc1 Rfd8 17. Qb4 Bf5 18. Rb2 Qf6 19. Nd4 Bd3 20. Nb3 Nxb3 21. axb3 Be4 22. Rd2 Rc6 23. Bd3 Rb6 24. Qa4 a6 25. Rcd1 Bxd3 26. Rxd3 Rc8 27. Rxd5 Qxc3 0-1